 Dungeon Sprint DCSS version 0.24-a0-132-ge4b1dce (webtiles) character file.

Game seed: 13638395848313209778

924 Faca the Markscentaur (level 7, 0/70 HPs)
             Began as a Centaur Hunter on Feb 27, 2019.
             Was the Champion of the Shining One.
             Slain by a white imp (2 damage)
             ... in the Dungeon (Sprint V: "Ziggurat Sprint").
             The game lasted 00:04:40 (758 turns).

Faca the Markscentaur (Centaur Hunter)               Turns: 758, Time: 00:04:40

Health: 0/70       AC:  8    Str: 28      XL:     7   Next: 84%
Magic:  0/7        EV:  9    Int: 10      God:    the Shining One [******]
Gold:   0          SH:  0    Dex:  9 (10) Spells: 6/6 levels left

rFire    + . .     SeeInvis .   a - +8 lance "Wyrmbane" {slay drac, rPois rF+ rC+ AC+3}
rCold    + . .     Gourm    .   (no shield)
rNeg     + + +     Faith    .   c - +1 leather armour {rPois}
rPois    +         Spirit   .   (no helmet)
rElec    .         Reflect  .   (no cloak)
rCorr    .         Harm     .   (no gloves)
MR       .....     NoTele   +   (no barding)
Stlth    +.........             (no amulet)
HPRegen  0.21/turn              r - +6 ring of strength
MPRegen  0.10/turn              s - +6 ring of strength

@: glowing, very quick
A: large, hooves 3, deformed body, speed 2, tough skin 3
a: Divine Shield, Cleansing Flame, Summon Divine Warrior, Brand Weapon With Holy
Wrath, Renounce Religion


You were in the Dungeon.
You worshipped the Shining One.
The Shining One was exalted by your worship.
You were not hungry.

You visited 1 branch

Inventory:

Hand Weapons
 a - the +8 lance "Wyrmbane" (weapon) {slay drac, rPois rF+ rC+ AC+3}
   (You found it in the Dungeon)

   It affects your AC (+3).
   It protects you from fire.
   It protects you from cold.
   It protects you from poison.
 b - the +7 longbow "Piercer" {penet, EV-2}
   (You found it in the Dungeon)

   Ammo fired by it will pass through the targets it hits, potentially hitting
   all targets in its path until it reaches maximum range.
   It affects your evasion (-2).
 m - a +5 shortbow
Missiles
 d - 1015 arrows
Armour
 c - a +1 leather armour of poison resistance (worn)
 l - +5 storm dragon scales
Jewellery
 o - an uncursed ring of positive energy
 r - a +6 ring of strength (left hand)
 s - a +6 ring of strength (right hand)
Wands
 t - a wand of disintegration (7)
 u - a wand of iceblast (7)
 v - a wand of acid (7)
Scrolls
 k - 4 scrolls of blinking
 y - 4 scrolls of amnesia
 D - 7 scrolls of fog
 E - a scroll of holy word
 F - 5 scrolls of identify
 G - 5 scrolls of remove curse
 H - 2 scrolls of fear
Potions
 e - 10 potions of curing
 g - 5 potions of heal wounds
 h - 6 potions of haste
 i - 7 potions of magic
 j - 2 potions of berserk rage
 w - 2 potions of brilliance
 x - 2 potions of invisibility
 z - 4 potions of resistance
 B - 5 potions of agility
 C - 5 potions of might
Comestibles
 f - 7 rations


   Skills:
 + Level 9.4 Fighting
 + Level 8.3 Polearms
 + Level 15.2 Bows
 - Level 1.3 Dodging
 - Level 0.4 Stealth


You had 6 spell levels left.
You didn't know any spells.
Your spell library was empty.

Dungeon Overview and Level Annotations

Branches:
Dungeon (1/1)

Altars:
Ashenzari
Cheibriados
Dithmenos
Elyvilon
Fedhas
Gozag
Hepliaklqana
Kikubaaqudgha
Makhleb
Nemelex Xobeh
Okawaru
Qazlal
Ru
Sif Muna
Trog
Uskayaw
Vehumet
Wu Jian
Xom
Yredelemnul
Zin
The Shining One
Beogh
Jiyva
Lugonu

Annotations:
D 1 transporter


Innate Abilities, Weirdness & Mutations

You have hooves in place of feet.
Armour fits poorly on your strangely shaped body.
You cover ground very quickly.
You have extremely tough skin. (AC +3)


Message History

The lorocyproca is lightly wounded.
The ufetubus hits you.
The ufetubus hits you but does no damage.
The lorocyproca hits you!!
* * * LOW HITPOINT WARNING * * *
Press: ? - help, v - describe, . - travel
Here: a lorocyproca (lightly wounded, slightly transparent, haloed)
The floor.
Unknown command.
You hit the lorocyproca.
The lorocyproca is lightly wounded.
The ufetubus barely misses you. The ufetubus closely misses you.
The lorocyproca hits you!!! The Shining One protects you from harm!
You puncture the lorocyproca!
The lorocyproca is moderately wounded.
The ufetubus barely misses you.
The ufetubus hits you but does no damage.
The white imp hits you.
You die...

▓▓▓▓▓▓▓▓▓▓▓▓▓▓▓▓▓▓▓
▓..8©8..▓ ▓..)=)..▓
▓..==[..▓ ▓.......▓
▓...(...▓ ▓...(...▓
▓52X....▓ ▓@▓.│.▓.▓
▓.5.©...▓ ▓▓▓▓▓▓▓▓▓


You could see a tentacled starspawn, a lorocyproca (invisible), a white imp and
an ufetubus.

Vanquished Creatures
  A ynoxinul (D)
  A naga (D)
  A water moccasin (D)
  A porcupine (D)
  A hell hound (D)
  A phantom (D)
  A necrophage (D)
  A wolf (D)
  A quasit (D)
  A jelly (D)
  A river rat (D)
  A shadow imp (D)
  A white imp (D)
  An ufetubus (D)
  An ooze (D)
  An adder skeleton (D)
  A ball python (D)
  A bat zombie (D)
  A jackal (D)
  A leopard gecko skeleton (D)
20 creatures vanquished.

Vanquished Creatures (others)
  4 starspawn tentacles (D)
4 creatures vanquished.

Grand Total: 24 creatures vanquished

Notes
Turn   | Place    | Note
-------+----------+-------------------------------------------
     0 | D        | Found the +6 Majin-Bo {vamp, Archmagi MP+6 Int+6}
     0 | D        | Found the +7 great mace "Firestarter" {inner flame, rF++}
     0 | D        | Faca the Centaur Hunter began the quest for the Orb.
     0 | D        | Reached XP level 1. HP: 17/17 MP: 1/1
     0 | D        | Found a blossoming altar of Fedhas.
     1 | D        | Found a viscous altar of Jiyva.
     1 | D        | Found a hazy altar of Hepliaklqana.
     1 | D        | Found a transporter.
     1 | D        | Found an opulent altar of Gozag.
     1 | D        | Found an ancient bone altar of Kikubaaqudgha.
     1 | D        | Found a corrupted altar of Lugonu.
    12 | D        | Found a burning altar of Makhleb.
    13 | D        | Found a stormy altar of Qazlal.
    13 | D        | Found a sacrificial altar of Ru.
    13 | D        | Found an iron altar of Okawaru.
    13 | D        | Found a deep blue altar of Sif Muna.
    13 | D        | Found a sparkling altar of Nemelex Xobeh.
    13 | D        | Found a bloodstained altar of Trog.
    18 | D        | Found the +6 shillelagh "Devastator" {shatter}
    18 | D        | Found the +11 plutonium sword {*Contam Stlth-}
    18 | D        | Found the +8 lance "Wyrmbane" {slay drac, rPois rF+ rC+
                  | AC+3}
    18 | D        | Found the +9 sword of Zonguldrok {reap}
    18 | D        | Found the cursed +13 scythe of Curses {drain, *Curse}
    18 | D        | Found the +0 sword of Power
    18 | D        | Found the +7 mace of Variability {chain chaos}
    18 | D        | Found the +7 Singing Sword {slice, sonic wave}
    18 | D        | Found the +7 longbow "Piercer" {penet, EV-2}
    20 | D        | Found the +9 heavy crossbow "Sniper" {velocity, Acc+∞ SInv}
    20 | D        | Found the +10 dark maul {crush}
    20 | D        | Found the +15 Maxwell's patent armour {-Cast -Tele rElec
                  | MR+ rCorr}
    20 | D        | Found the +18 shield of the Gong {rElec rN+ MR+ EV-5}
    20 | D        | Found the cursed +14 obsidian axe {chop, +Fly SInv *Curse}
    44 | D        | Became a worshipper of the Shining One
    69 | D        | Reached skill level 10 in Bows
    69 | D        | Reached XP level 2. HP: 24/24 MP: 2/2
    77 | D        | Entered arena 2.
    77 | D        | Found a transporter.
    80 | D        | Reached skill level 1 in Polearms
    80 | D        | Reached skill level 11 in Bows
    80 | D        | Reached XP level 3. HP: 29/31 MP: 3/3
   130 | D        | Entered arena 3.
   130 | D        | Noticed a water moccasin
   130 | D        | Reached * piety under the Shining One
   130 | D        | Noticed a naga
   130 | D        | Found a transporter.
   142 | D        | Killed a naga
   142 | D        | Reached skill level 5 in Fighting
   142 | D        | Reached skill level 12 in Bows
   142 | D        | Reached XP level 4. HP: 18/42 MP: 4/4
   142 | D        | Reached XP level 5. HP: 21/48 MP: 5/5
   143 | D        | Killed a water moccasin
   143 | D        | Reached skill level 5 in Polearms
   143 | D        | Reached skill level 13 in Bows
   397 | D        | Entered arena 4.
   397 | D        | Noticed a wolf
   397 | D        | Noticed a porcupine
   397 | D        | Found a transporter.
   404 | D        | Killed a wolf
   404 | D        | Reached XP level 6. HP: 27/60 MP: 6/6
   409 | D        | Killed a porcupine
   409 | D        | Reached skill level 14 in Bows
   600 | D        | Entered arena 5.
   600 | D        | Reached ** piety under the Shining One
   600 | D        | Reached *** piety under the Shining One
   600 | D        | Found a transporter.
   607 | D        | Reached XP level 7. HP: 68/68 MP: 7/7
   610 | D        | Reached **** piety under the Shining One
   718 | D        | Entered arena 6.
   718 | D        | Reached ***** piety under the Shining One
   718 | D        | Found a transporter.
   728 | D        | Reached ****** piety under the Shining One
   736 | D        | Entered arena 7.
   736 | D        | Noticed a tentacled starspawn
   736 | D        | Noticed a lorocyproca
   736 | D        | Noticed a ynoxinul
   743 | D        | Killed a ynoxinul
   743 | D        | Reached skill level 15 in Bows
   743 | D        | Found a transporter.
   752 | D        | HP: 3/70 [lorocyproca (28)]
   757 | D        | The Shining One protects you from harm!
   758 | D        | Slain by a white imp

Levels and vault maps discovered:
D:        sprint_v [room_start, room_1, room_2, room_3, room_4, room_5, room_6,
          room_7, room_8, room_9, room_10, room_11, room_12, room_13, room_14,
          room_15, room_16, room_17, room_18, room_19, room_20, room_21,
          room_22, room_23, room_24, room_25, room_26, room_27]

Skill      XL: |  1  2  3  4  5  6  7 |
---------------+----------------------+-----
Bows           | 10 11 12 13 14 15 | 15.2
Fighting       | 3 5 7 8 9 |  9.4
Polearms       | 1 4 6 7 8 |  8.3
Dodging        | |  1.3
Stealth        | |  0.4

Action                   |  1- 3 |  4- 6 |  7- 9 || total
-------------------------+-------+-------+-------++-------
Melee: Lance             |     8 |    19 |    27 ||    54
       Kick              |     5 |     5 |     7 ||    17
 Fire: Shortbow          |     4 |       |     4 ||     8
  Use: Potion            |     3 |     1 |     3 ||     7
Armor: Leather armour    |     5 |    19 |    22 ||    46
Dodge: Dodged            |     3 |    13 |    22 ||    38

Table legend:
 A = Non-vault XP
 B = Vault XP
 C = Vault XP percentage of total XP
 D = Non-vault monster count
 E = Vault monster count
 F = Vault count percentage of total count
                 A         B        C        D         E       F
            +---------+---------+-------+---------+---------+-------
      Total |       0 |    1308 | 100.0 |       0 |      20 | 100.0
            +---------+---------+-------+---------+---------+-------
          D |       0 |    1308 | 100.0 |       0 |      20 | 100.0
            +---------+---------+-------+---------+---------+-------
